 Dungeon Crawl Stone Soup version 0.29-a0-993-g4a18f31a58 (webtiles) character file.

Game seed: 9254925699977864583

95 Sabo the Gusty (level 4, -3/39 HPs)
             Began as an Ogre Air Elementalist on Aug 3, 2022.
             Was an Initiate of Sif Muna.
             Slain by Edmund
             ... wielding a +1 dire flail of protection
              (14 damage)
             ... on level 4 of the Dungeon.
             The game lasted 00:20:14 (6611 turns).

Sabo the Gusty (Ogre Air Elementalist)              Turns: 6611, Time: 00:20:14

Health: -3/39      AC:  3    Str: 18    XL:     4   Next: 65%
Magic:  3/8        EV: 10    Int: 18    God:    Sif Muna [......]
Gold:   208        SH:  0    Dex:  9    Spells: 8/9 levels left

rFire   . . .      SeeInvis .   k - staff of air
rCold   . . .      Faith    .   (no shield)
rNeg    . . .      Spirit   .   a - +0 robe
rPois   .          Reflect  .   (helmet restricted)
rElec   +          Harm     .   (no cloak)
rCorr   .          Rampage  .   (gloves unavailable)
Will    .....                   (boots unavailable)
Stlth   ++........              (no amulet)
HPRegen 0.13/turn               l - +6 ring of strength
MPRegen 0.11/turn               (no ring)

@: no status effects
A: large, unfitting armour, tough skin 1
a: Renounce Religion


You were on level 4 of the Dungeon.
You worshipped Sif Muna.
Sif Muna was noncommittal.
You visited 1 branch of the dungeon, and saw 4 of its levels.

You collected 208 gold pieces.

Inventory:

Hand Weapons
 i - a +0 vampiric falchion
Missiles
 q - 6 poisoned darts (quivered)
 x - 7 boomerangs
Armour
 a - a +0 robe (worn)
Magical Staves
 k - a staff of air (weapon)
 r - a staff of earth
 s - a staff of fire
Jewellery
 l - a +6 ring of strength (left hand)
Wands
 j - a wand of roots (2)
Scrolls
 h - a scroll of magic mapping
 t - a scroll of enchant armour {unknown}
 w - a scroll of summoning {unknown}
Potions
 b - a potion of magic
 f - 2 potions of might {unknown}
 g - a potion of brilliance {unknown}
 m - 2 potions of berserk rage {unknown}
 o - a potion of attraction {unknown}
 p - a potion of curing {unknown}
 u - a potion of lignification {unknown}
 v - a potion of flight {unknown}


   Skills:
 + Level 0.3 Fighting
 + Level 0.3 Short Blades
 + Level 2.0 Dodging
 + Level 1.7 Stealth
 + Level 3.2 Spellcasting
 + Level 2.0 Conjurations
 + Level 3.4 Air Magic


You had 8 spell levels left.
You knew the following spells:

 Your Spells              Type           Power      Damage    Failure   Level
a - Shock                 Conj/Air       76%        1d7       5%          1

Your spell library contained the following spells:

 Spells                   Type           Power      Damage    Failure   Level
 Static Discharge         Conj/Air       19%        3-6/arc   8%          2
 Swiftness                Air            23%        N/A       12%         3
 Airstrike                Air            11%        2d(2-18)  36%         4


Dungeon Overview and Level Annotations

Branches:
Dungeon (4/15)
 Temple: D:4-7

Altars:
Fedhas
Gozag
Makhleb
Qazlal
Sif Muna
Xom

Annotations:
D:4 Edmund


Innate Abilities, Weirdness & Mutations

You are too large for most types of armour.
You have tough skin. (AC +1)


Message History

Confirm with . or Enter, or press ? or * to list all spells.
Aiming: Shock (safe; 5% risk of failure)
Press: ? - help, Shift-Dir - straight line, f/p - Edmund
Aim: Edmund, wielding a +1 dire flail of protection and wearing a +0 chain mail (lightly wounded, 79% to hit)
You feel a surge of power!
The zap hits Edmund.
Edmund is lightly wounded.
The zap hits Edmund but does no damage.
Edmund is lightly wounded.
Edmund hits you with a +1 dire flail of protection.
Casting: Shock (safe; 5% risk of failure)
Confirm with . or Enter, or press ? or * to list all spells.
Aiming: Shock (safe; 5% risk of failure)
Press: ? - help, Shift-Dir - straight line, f/p - Edmund
Aim: Edmund, wielding a +1 dire flail of protection and wearing a +0 chain mail (lightly wounded, 79% to hit)
You feel a surge of power!
The zap hits Edmund but does no damage.
Edmund is lightly wounded.
The zap hits Edmund but does no damage.
Edmund is lightly wounded.
Edmund hits you with a +1 dire flail of protection!
You closely miss Edmund.
Edmund is lightly wounded.
Edmund barely misses you.
You hit Edmund but do no damage.
Edmund is lightly wounded.
Edmund barely misses you.
You completely miss Edmund.
Edmund is lightly wounded.
Edmund hits you with a +1 dire flail of protection!
* * * LOW HITPOINT WARNING * * *
Aiming: Fastroot
Press: ? - help, Shift-Dir - straight line, f/p - Edmund
Aim: Edmund, wielding a +1 dire flail of protection and wearing a +0 chain mail (lightly wounded)
The roots erupt in riotous growth!
Roots grab Edmund.
The grasping roots constrict Edmund!
You hear a shout!
Edmund barely misses you.
The grasping roots constrict Edmund.
The roots release their grip on Edmund.
Edmund hits you with a +1 dire flail of protection!
You die...

K. .. #. #'#
##..
#######..
........##
#@.# ##@#
#.## ## #..#
##.####.#
###....##.##
.........#.#
...........##
.P.P........#
)...........#


You could see Edmund.

Vanquished Creatures
  4 adders
  A dart slug (D:3)
  An orc (D:3)
  6 ball pythons
  2 bats (D:2)
  5 endoplasms
  5 goblins
  7 hobgoblins
  4 jackals (D:2)
  A quokka (D:2)
  2 frilled lizards
  7 kobolds
  8 rats
53 creatures vanquished.

Notes
Turn   | Place    | Note
-------+----------+-------------------------------------------
     0 | D:1      | Sabo the Ogre Air Elementalist began the quest for the Orb.
     0 | D:1      | Reached XP level 1. HP: 16/16 MP: 3/3
   584 | D:1      | Reached skill level 1 in Conjurations
   584 | D:1      | Reached XP level 2. HP: 16/24 MP: 0/5
  1945 | D:2      | Reached XP level 3. HP: 31/31 MP: 0/6
  3929 | D:3      | Reached XP level 4. HP: 39/39 MP: 5/8
  4100 | D:3      | Found a shimmering altar of Xom.
  5833 | D:3      | Found a shimmering blue altar of Sif Muna.
  5947 | D:3      | Found a blossoming altar of Fedhas.
  5947 | D:3      | Found an opulent altar of Gozag.
  5948 | D:3      | Found a stormy altar of Qazlal.
  5952 | D:3      | Found a burning altar of Makhleb.
  5968 | D:3      | Became a worshipper of Sif Muna the Loreminder
  6596 | D:4      | Noticed Edmund
  6611 | D:4      | Slain by Edmund

Illustrated notes

Levels and vault maps discovered:
D:1:      saegor_arrival_simple_c, layout_basic
D:2:      layout_basic, corexii_corridor_pit, nrook_mini_backslash
D:3:      layout_rooms, mainiacjoe_overflow_concentric_impassable, minitemple
D:4:      layout_cave_pods, mainiacjoe_overflow_small_starburst, serial_park,
          serial_park_avenue1, serial_park_square2, serial_park_tiny_2,
          serial_park_tiny_1, kennysheep_pointless_box, uniq_eustachio,
          uniq_edmund

Skill      XL: |  1  2  3  4 |
---------------+-------------+-----
Conjurations   | 1 2 |  2.0
Air Magic      | 3 |  3.4
Dodging        | 2 |  2.0
Spellcasting   | 3 |  3.2
Fighting       | |  0.3
Short Blades   | |  0.3
Stealth        | |  1.7

Action                   |  1- 3 |  4- 6 || total
-------------------------+-------+-------++-------
Melee: Short sword       |    17 |       ||    17
       Falchion          |     1 |       ||     1
       Staff             |     5 |    13 ||    18
 Cast: Shock             |    64 |    42 ||   106
Evoke: Wand              |       |     1 ||     1
  Use: Scroll            |       |     4 ||     4
Armor: Robe              |     8 |     5 ||    13
Dodge: Dodged            |    17 |    17 ||    34

Table legend: (Time is in decaauts)
 A = Elapsed time spent in this place.
 B = Non-inter-level travel time spent in this place.
 C = Inter-level travel time spent in this place.
 D = Time resting spent in this place.
 E = Time spent auto-exploring this place.
 F = Levels seen in this place.
 G = Mean time per level.
                   A        B        C        D        E       F      G
               +--------+--------+--------+--------+--------+-----+--------+
         Total |   6613 |   6613 |      0 |   4440 |      0 |   4 | 1653.2 |
       Dungeon |   6613 |   6613 |      0 |   4440 |      0 |   4 | 1653.2 |
               +--------+--------+--------+--------+--------+-----+--------+

Top non-repeatable levels by time:
     D:3: 2270 daAuts
     D:1: 1930 daAuts
     D:2: 1873 daAuts
     D:4: 539 daAuts
